| TOP OF THE 1ST |
|
Pittsburgh Pirates batting - Pitching for Milwaukee Brewers : LHP Lewis Thorpe Jr.
|
|
Pitching: LHP Lewis Thorpe Jr.
|
|
|
Batting: RHB Steve Jordan
|
0-0: Ball 1-0: Ball 2-0: Foul Ball, location: 2F 2-1: Ball 3-1: Swinging Strike 3-2: Foul Ball, location: 2F 3-2: Base on Balls
|
|
Batting: RHB Mike Bates
|
0-0: Called Strike 0-1: Ball 1-1: Foul Ball, location: 2F 1-2: Ball 2-2: Strikes out swinging
|
|
Batting: RHB Eisse Bravenboer
|
0-0: Ball 1-0: Swinging Strike 1-1: Called Strike 1-2: Ball 2-2: Grounds into double play, 4-6-3 (Groundball, 34, EV 79.4 MPH)
|
| Top of the 1st over - 0 runs, 0 hits, 0 errors, 0 left on base; Pittsburgh 0 - Milwaukee 0 |
| BOTTOM OF THE 1ST |
|
Milwaukee Brewers batting - Pitching for Pittsburgh Pirates : LHP Tim Wichman
|
|
Pitching: LHP Tim Wichman
|
|
|
Batting: RHB Akitada Nishizawa
|
0-0: Ball 1-0: Ball 2-0: Swinging Strike 2-1: Foul Ball, location: 2F 2-2: Ball 3-2: Fly out, F9 (Flyball, 9, EV 92.5 MPH)
|
|
Batting: RHB Daniel Donovan
|
0-0: Ball 1-0: Foul Ball, location: 2F 1-1: Ground out 6-3 (Groundball, 6, EV 96.9 MPH)
|
|
Batting: RHB Adrian Rudkilde
|
0-0: Ball 1-0: Ball 2-0: Foul Ball, location: 2F 2-1: Foul Ball, location: 2F 2-2: Strikes out swinging
|
| Bottom of the 1st over - 0 runs, 0 hits, 0 errors, 0 left on base; Pittsburgh 0 - Milwaukee 0 |
| TOP OF THE 2ND |
|
Pittsburgh Pirates batting - Pitching for Milwaukee Brewers : LHP Lewis Thorpe Jr.
|
|
Batting: RHB Raul Mendoza
|
0-0: Called Strike 0-1: Ball 1-1: Called Strike 1-2: Ball 2-2: SINGLE (Groundball, 56D, EV 95.6 MPH)
|
|
Batting: RHB Vincent Poopwell
|
0-0: Foul Ball, location: 2F 0-1: Called Strike 0-2: DOUBLE (Line Drive, 89M, EV 102.5 MPH) Raul Mendoza to third
|
|
Batting: SHB Marvin McAleer
|
0-0: Called Strike 0-1: Ball 1-1: Ball 2-1: Called Strike 2-2: Foul Ball, location: 2F 2-2: Ball 3-2: Strikes out swinging
|
|
Batting: RHB Andrew Robinson
|
0-0: Called Strike 0-1: Foul Ball, location: 2F 0-2: Foul Ball, location: 2F 0-2: Strikes out looking
|
|
Batting: RHB David Contreras
|
0-0: Ball 1-0: Ball 2-0: Ball 3-0: Base on Balls
|
|
Batting: RHB Bubba Tierney
|
0-0: Ball 1-0: Foul Ball, location: 2F 1-1: Swinging Strike 1-2: Ball 2-2: Strikes out swinging
|
| Top of the 2nd over - 0 runs, 2 hits, 0 errors, 3 left on base; Pittsburgh 0 - Milwaukee 0 |
| BOTTOM OF THE 2ND |
|
Milwaukee Brewers batting - Pitching for Pittsburgh Pirates : LHP Tim Wichman
|
|
Batting: SHB Jason Woods
|
0-0: Fly out, F9 (Line Drive, 9D, EV 91.9 MPH)
|
|
Batting: RHB Noah Stanley
|
0-0: Called Strike 0-1: Ball 1-1: Foul Ball, location: 2F 1-2: Foul Ball, location: 2F 1-2: Ground out 5-3 (Groundball, 56S, EV 88.8 MPH)
|
|
Batting: RHB Kisho Ito
|
0-0: Called Strike 0-1: Foul Ball, location: 2F 0-2: Ground out 3-1 (Groundball, 13, EV 90.0 MPH)
|
| Bottom of the 2nd over - 0 runs, 0 hits, 0 errors, 0 left on base; Pittsburgh 0 - Milwaukee 0 |
| TOP OF THE 3RD |
|
Pittsburgh Pirates batting - Pitching for Milwaukee Brewers : LHP Lewis Thorpe Jr.
|
|
Batting: RHB Steve Jordan
|
0-0: Called Strike 0-1: Ball 1-1: Called Strike 1-2: SINGLE (Groundball, 6D, EV 95.6 MPH)
|
|
Batting: RHB Mike Bates
|
0-0: Called Strike 0-1: Fly out, F8 (Flyball, 8RD, EV 91.9 MPH) Runner from 1st tags up, SAFE at 2nd
|
|
Batting: RHB Eisse Bravenboer
|
0-0: SINGLE (Groundball, 5S, EV 63.8 MPH) (infield hit) Steve Jordan to third
|
|
Batting: RHB Raul Mendoza
|
0-0: Called Strike 0-1: Ball 1-1: Reached on error, E1 (Groundball, 15S, EV 68.8 MPH) Steve Jordan scores Eisse Bravenboer to second
|
|
Batting: RHB Vincent Poopwell
|
0-0: Ball 1-0: Called Strike 1-1: SINGLE (Groundball, 56D, EV 111.2 MPH) Eisse Bravenboer to third Raul Mendoza to second Runner from 3rd tries for Home, SAFE, throw by LF to home
|
|
Batting: SHB Marvin McAleer
|
0-0: Grounds into double play, 5-4-3 (Groundball, 56, EV 102.5 MPH)
|
| Top of the 3rd over - 2 runs, 3 hits, 1 error, 1 left on base; Pittsburgh 2 - Milwaukee 0 |
| BOTTOM OF THE 3RD |
|
Milwaukee Brewers batting - Pitching for Pittsburgh Pirates : LHP Tim Wichman
|
|
Batting: SHB Pat Wilson
|
0-0: Ball 1-0: Ball 2-0: Foul Ball, location: 2F 2-1: SINGLE (Line Drive, 89S, EV 92.5 MPH)
|
|
Batting: SHB Jean-François Bernard
|
0-0: Foul Ball, location: 2F 0-1: Sac Bunt to 2L - play at first, batter OUT! 2-3 Pat Wilson to second
|
|
Batting: RHB Ben Campbell
|
0-0: Fly out, F3 (Popup, 3, EV 78.1 MPH)
|
|
Batting: RHB Akitada Nishizawa
|
0-0: Ball 1-0: Called Strike 1-1: Ground out 6-3 (Groundball, 6, EV 83.8 MPH)
|
| Bottom of the 3rd over - 0 runs, 1 hit, 0 errors, 1 left on base; Pittsburgh 2 - Milwaukee 0 |
| TOP OF THE 4TH |
|
Pittsburgh Pirates batting - Pitching for Milwaukee Brewers : LHP Lewis Thorpe Jr.
|
|
Batting: RHB Andrew Robinson
|
0-0: Called Strike 0-1: Ball 1-1: Foul Ball, location: 2F 1-2: Strikes out swinging
|
|
Batting: RHB David Contreras
|
0-0: Foul Ball, location: 2F 0-1: Fly out, F9 (Flyball, 89S, EV 93.8 MPH)
|
|
Batting: RHB Bubba Tierney
|
0-0: Ball 1-0: Called Strike 1-1: Fly out, F7 (Flyball, 7D, EV 102.5 MPH)
|
| Top of the 4th over - 0 runs, 0 hits, 0 errors, 0 left on base; Pittsburgh 2 - Milwaukee 0 |
| BOTTOM OF THE 4TH |
|
Milwaukee Brewers batting - Pitching for Pittsburgh Pirates : LHP Tim Wichman
|
|
Batting: RHB Daniel Donovan
|
0-0: Foul Ball, location: 2F 0-1: Foul Ball, location: 2F 0-2: Ball 1-2: Ground out 6-3 (Groundball, 6M, EV 105.0 MPH)
|
|
Batting: RHB Adrian Rudkilde
|
0-0: TRIPLE (Line Drive, 78XD, EV 105.6 MPH)
|
|
Batting: SHB Jason Woods
|
0-0: Foul Ball, location: 2F 0-1: Ball 1-1: Fly out, F6 (Flyball, 56D, EV 83.8 MPH)
|
|
Batting: RHB Noah Stanley
|
0-0: Ball 1-0: Foul Ball, location: 2F 1-1: Ground out 2-3 (Groundball, 15S, EV 75.0 MPH)
|
| Bottom of the 4th over - 0 runs, 1 hit, 0 errors, 1 left on base; Pittsburgh 2 - Milwaukee 0 |
| TOP OF THE 5TH |
|
Pittsburgh Pirates batting - Pitching for Milwaukee Brewers : LHP Lewis Thorpe Jr.
|
|
Batting: RHB Steve Jordan
|
0-0: Fly out, F9 (Flyball, 9LS, EV 81.2 MPH)
|
|
Batting: RHB Mike Bates
|
0-0: Called Strike 0-1: Foul Ball, location: 2F 0-2: Ball 1-2: Strikes out swinging
|
|
Batting: RHB Eisse Bravenboer
|
0-0: Called Strike 0-1: Swinging Strike 0-2: Foul Ball, location: 2F 0-2: Strikes out looking
|
| Top of the 5th over - 0 runs, 0 hits, 0 errors, 0 left on base; Pittsburgh 2 - Milwaukee 0 |
| BOTTOM OF THE 5TH |
|
Milwaukee Brewers batting - Pitching for Pittsburgh Pirates : LHP Tim Wichman
|
|
Batting: RHB Kisho Ito
|
0-0: Foul Ball, location: 2F 0-1: Ball 1-1: Ball 2-1: SINGLE (Groundball, 4S, EV 68.1 MPH) (infield hit)
|
|
Batting: SHB Pat Wilson
|
0-0: Ball 1-0: Ball 2-0: Foul Ball, location: 2F 2-1: Called Strike 2-2: Grounds into double play, 6-4-3 (Groundball, 6, EV 80.6 MPH)
|
|
Batting: SHB Jean-François Bernard
|
0-0: Ball 1-0: Foul Ball, location: 2F 1-1: Called Strike 1-2: Ground out U3 (Groundball, 3, EV 80.0 MPH)
|
| Bottom of the 5th over - 0 runs, 1 hit, 0 errors, 0 left on base; Pittsburgh 2 - Milwaukee 0 |
| TOP OF THE 6TH |
|
Pittsburgh Pirates batting - Pitching for Milwaukee Brewers : LHP Lewis Thorpe Jr.
|
|
Batting: RHB Raul Mendoza
|
0-0: Called Strike 0-1: Swinging Strike 0-2: Ball 1-2: SINGLE (Groundball, 6MD, EV 102.5 MPH)
|
|
Batting: RHB Vincent Poopwell
|
0-0: Ball 1-0: Ball 2-0: Called Strike 2-1: Swinging Strike 2-2: Ball 3-2: Base on Balls Raul Mendoza to second
|
|
Batting: SHB Marvin McAleer
|
0-0: Called Strike 0-1: Foul Ball, location: 2F 0-2: Foul Ball, location: 2F 0-2: Grounds into double play, 4-6-3 (Groundball, 4M, EV 90.0 MPH) Raul Mendoza to third
|
|
Batting: RHB Andrew Robinson
|
0-0: Called Strike 0-1: Ball 1-1: Ground out 6-3 (Groundball, 6M, EV 111.9 MPH)
|
| Top of the 6th over - 0 runs, 1 hit, 0 errors, 1 left on base; Pittsburgh 2 - Milwaukee 0 |
| BOTTOM OF THE 6TH |
|
Milwaukee Brewers batting - Pitching for Pittsburgh Pirates : LHP Tim Wichman
|
|
Batting: RHB Ben Campbell
|
0-0: Swinging Strike 0-1: Swinging Strike 0-2: Ball 1-2: Strikes out swinging
|
|
Batting: RHB Akitada Nishizawa
|
0-0: Ball 1-0: Called Strike 1-1: Called Strike 1-2: DOUBLE (Line Drive, 78M, EV 105.6 MPH)
|
|
Batting: RHB Daniel Donovan
|
0-0: Called Strike 0-1: Swinging Strike 0-2: Strikes out swinging
|
|
Batting: RHB Adrian Rudkilde
|
0-0: Ball 1-0: Ball 2-0: Swinging Strike 2-1: Called Strike 2-2: Ball 3-2: Foul Ball, location: 2F 3-2: Base on Balls
|
|
Batting: SHB Jason Woods
|
0-0: Ball 1-0: Ball 2-0: Foul Ball, location: 2F 2-1: Ball 3-1: Called Strike 3-2: SINGLE (Groundball, 4M, EV 91.9 MPH) (infield hit) Akitada Nishizawa to third Adrian Rudkilde to second
|
|
Batting: RHB Noah Stanley
|
0-0: Ball 1-0: Called Strike 1-1: Hit by Pitch Akitada Nishizawa scores Adrian Rudkilde to third Jason Woods to second
|
|
Batting: RHB Kisho Ito
|
0-0: Foul Ball, location: 2F 0-1: Ground out U3 (Groundball, 34S, EV 83.8 MPH)
|
| Bottom of the 6th over - 1 run, 2 hits, 0 errors, 3 left on base; Pittsburgh 2 - Milwaukee 1 |
| TOP OF THE 7TH |
|
Pittsburgh Pirates batting - Pitching for Milwaukee Brewers : LHP Lewis Thorpe Jr.
|
|
Batting: RHB David Contreras
|
0-0: SINGLE (Line Drive, 89M, EV 103.8 MPH)
|
|
Batting: RHB Bubba Tierney
|
0-0: Sac Bunt to 13S - play at first, batter OUT! 1-3 David Contreras to second
|
|
Batting: RHB Steve Jordan
|
0-0: Called Strike 0-1: Ball 1-1: Ball 2-1: Ball 3-1: Fly out, F7 (Flyball, 7, EV 95.6 MPH)
|
|
Batting: RHB Mike Bates
|
0-0: Ball 1-0: Ball 2-0: Called Strike 2-1: Ball 3-1: Foul Ball, location: 2F 3-2: Strikes out swinging
|
| Top of the 7th over - 0 runs, 1 hit, 0 errors, 1 left on base; Pittsburgh 2 - Milwaukee 1 |
| BOTTOM OF THE 7TH |
|
Milwaukee Brewers batting - Pitching for Pittsburgh Pirates : LHP Tim Wichman
|
|
Batting: SHB Pat Wilson
|
0-0: Called Strike 0-1: Foul Ball, location: 2F 0-2: Strikes out looking
|
|
Batting: SHB Jean-François Bernard
|
0-0: Ball 1-0: Ball 2-0: Ball 3-0: Base on Balls
|
|
Batting: RHB Ben Campbell
|
0-0: Called Strike 0-1: Ball 1-1: Foul Ball, location: 2F 1-2: Strikes out looking
|
|
Batting: RHB Akitada Nishizawa
|
0-0: Called Strike 0-1: Foul Ball, location: 2F 0-2: Ground out 4-3 (Groundball, 4MS, EV 62.5 MPH)
|
| Bottom of the 7th over - 0 runs, 0 hits, 0 errors, 1 left on base; Pittsburgh 2 - Milwaukee 1 |
| TOP OF THE 8TH |
|
Pittsburgh Pirates batting - Pitching for Milwaukee Brewers : LHP Lewis Thorpe Jr.
|
|
Pitching: LHP Antonio Diaz
|
|
|
Batting: RHB Eisse Bravenboer
|
0-0: Called Strike 0-1: Swinging Strike 0-2: Ball 1-2: Fly out, F8 (Flyball, 89S, EV 82.5 MPH)
|
|
Batting: RHB Raul Mendoza
|
0-0: Ball 1-0: Ball 2-0: Swinging Strike 2-1: Ball 3-1: Foul Ball, location: 2F 3-2: Ground out U3 (Groundball, 3, EV 86.2 MPH)
|
|
Batting: RHB Vincent Poopwell
|
0-0: Ball 1-0: Foul Ball, location: 2F 1-1: Foul Ball, location: 2F 1-2: Hit by Pitch
|
|
Batting: SHB Marvin McAleer
|
0-0: Fielders Choice at 2nd, 5-4 (Groundball, 5, EV 86.9 MPH)
|
| Top of the 8th over - 0 runs, 0 hits, 0 errors, 1 left on base; Pittsburgh 2 - Milwaukee 1 |
| BOTTOM OF THE 8TH |
|
Milwaukee Brewers batting - Pitching for Pittsburgh Pirates : LHP Tim Wichman
|
|
Batting: RHB Daniel Donovan
|
0-0: Ball 1-0: Ball 2-0: Called Strike 2-1: Foul Ball, location: 2F 2-2: Strikes out swinging
|
|
Pitching: LHP Riichi Yamashita
|
|
|
Batting: RHB Adrian Rudkilde
|
0-0: Ball 1-0: Swinging Strike 1-1: Swinging Strike 1-2: Ground out 3-1 (Groundball, 13, EV 80.6 MPH)
|
|
Pitching: RHP Kwang-sik Kim
|
|
|
Batting: SHB Jason Woods
|
0-0: Called Strike 0-1: Ball 1-1: Ball 2-1: Foul Ball, location: 2F 2-2: Strikes out swinging
|
| Bottom of the 8th over - 0 runs, 0 hits, 0 errors, 0 left on base; Pittsburgh 2 - Milwaukee 1 |
| TOP OF THE 9TH |
|
Pittsburgh Pirates batting - Pitching for Milwaukee Brewers : LHP Antonio Diaz
|
|
Batting: RHB Andrew Robinson
|
0-0: Foul Ball, location: 2F 0-1: Foul Ball, location: 2F 0-2: Fly out, F8 (Flyball, 8LD, EV 95.6 MPH)
|
|
Batting: RHB David Contreras
|
0-0: Ground out 4-3 (Groundball, 34, EV 88.8 MPH)
|
|
Batting: RHB Bubba Tierney
|
0-0: Ball 1-0: Ball 2-0: Ball 3-0: Base on Balls
|
|
Batting: RHB Steve Jordan
|
0-0: Ball 1-0: Ball 2-0: Ball Passed Ball! Bubba Tierney to second 3-0: Called Strike 3-1: Base on Balls
|
|
Batting: RHB Mike Bates
|
0-0: Called Strike 0-1: 3-RUN HOME RUN (Flyball, 78XD, EV 100.0 MPH), Distance : 395 ft
|
|
Pitching: RHP Jose Avila
|
|
|
Batting: RHB Eisse Bravenboer
|
0-0: Ball 1-0: Ball 2-0: Called Strike 2-1: Ball 3-1: Ground out 3-1 (Groundball, 34, EV 102.5 MPH)
|
| Top of the 9th over - 3 runs, 1 hit, 0 errors, 0 left on base; Pittsburgh 5 - Milwaukee 1 |
| BOTTOM OF THE 9TH |
|
Milwaukee Brewers batting - Pitching for Pittsburgh Pirates : RHP Kwang-sik Kim
|
|
Batting: RHB Noah Stanley
|
0-0: Called Strike 0-1: Ground out 4-3 (Groundball, 4, EV 86.2 MPH)
|
|
Batting: RHB Kisho Ito
|
0-0: Called Strike 0-1: Called Strike 0-2: Strikes out swinging
|
|
Batting: SHB Pat Wilson
|
0-0: Ball 1-0: Ball 2-0: Swinging Strike 2-1: Ball 3-1: Base on Balls
|
|
Batting: SHB Jean-François Bernard
|
0-0: Called Strike 0-1: Swinging Strike 0-2: Ball 1-2: Strikes out swinging
|
| Bottom of the 9th over - 0 runs, 0 hits, 0 errors, 1 left on base; Pittsburgh 5 - Milwaukee 1 |
|